AoeStats
← mmmmmmm

Arena

509714916Analyzed
1v1 RM · 3d ago on Sep 27, 2026· 42m 5s· 2 players
Game mode
Random Map
Map size
Tiny (2 player)
Population
200
Speed
Normal
Resources
Standard
Victory
Conquest
Starting age
Dark Age
Ending age
Imperial Age
RankedLock teamsTeams togetherTeam positionsShared explorationLock speedFull tech treeHidden civsTurbo modeCheats
Victory
Defeat
🇦🇷 Portuguese · Argentina
1115
+17
🇫🇷 Slavs · France
1131
-17
mmmmmmm
10:22 Feudal Age
14:24 Castle Age
12:11 Loom
13:38 Double-Bit Axe
13:41 Horse Collar
15:35 Forging
19:57 Wheelbarrow
20:52 Town Watch
24:15 Pikeman
29:22 Heavy Plow
32:38 Imperial Age
30:23 Bow Saw
32:05 Fletching
32:38 Hand Cart
33:43 Conscription
33:49 Scale Barding Armor
34:20 Iron Casting
33:53 Gold Mining
37:23 Onager
39:28 Blast Furnace
38:49 Chain Barding Armor
38:25 Bodkin Arrow
38:56 Husbandry
38:19 Light Cavalry
39:35 Bloodlines
39:50 Cavalier
brieucbourdonnay
8:48 Loom
11:29 Feudal Age
12:03 Double-Bit Axe
12:01 Horse Collar
13:47 Man-at-Arms
21:04 Castle Age
21:43 Long Swordsman
22:01 Light Cavalry
23:49 Wheelbarrow
26:53 Scale Mail Armor
28:11 Forging
29:21 Scale Barding Armor
29:09 Pikeman
30:12 Bow Saw
30:05 Squires
32:24 Gold Mining
32:24 Stone Mining
32:37 Heavy Plow
32:55 Chain Mail Armor
36:41 Imperial Age
34:58 Fortified Wall
35:36 Iron Casting
36:01 Hand Cart
37:24 Chain Barding Armor
37:17 Bloodlines
37:08 Husbandry
37:16 Onager
Connection lost

Rejoining the realm…

Still unreachable

The connection could not be restored.

Session expired

The server has moved on; the page needs a fresh start.